%YAML 1.1
%TAG !u! tag:unity3d.com,2011:
--- !u!29 &1
OcclusionCullingSettings:
  m_ObjectHideFlags: 0
  serializedVersion: 2
  m_OcclusionBakeSettings:
    smallestOccluder: 5
    smallestHole: 0.25
    backfaceThreshold: 100
  m_SceneGUID: 00000000000000000000000000000000
  m_OcclusionCullingData: {fileID: 0}
--- !u!104 &2
RenderSettings:
  m_ObjectHideFlags: 0
  serializedVersion: 9
  m_Fog: 0
  m_FogColor: {r: 0.5, g: 0.5, b: 0.5, a: 1}
  m_FogMode: 3
  m_FogDensity: 0.01
  m_LinearFogStart: 0
  m_LinearFogEnd: 300
  m_AmbientSkyColor: {r: 0.212, g: 0.227, b: 0.259, a: 1}
  m_AmbientEquatorColor: {r: 0.114, g: 0.125, b: 0.133, a: 1}
  m_AmbientGroundColor: {r: 0.047, g: 0.043, b: 0.035, a: 1}
  m_AmbientIntensity: 1
  m_AmbientMode: 0
  m_SubtractiveShadowColor: {r: 0.42, g: 0.478, b: 0.627, a: 1}
  m_SkyboxMaterial: {fileID: 10304, guid: 0000000000000000f000000000000000, type: 0}
  m_HaloStrength: 0.5
  m_FlareStrength: 1
  m_FlareFadeSpeed: 3
  m_HaloTexture: {fileID: 0}
  m_SpotCookie: {fileID: 10001, guid: 0000000000000000e000000000000000, type: 0}
  m_DefaultReflectionMode: 0
  m_DefaultReflectionResolution: 128
  m_ReflectionBounces: 1
  m_ReflectionIntensity: 1
  m_CustomReflection: {fileID: 0}
  m_Sun: {fileID: 705507994}
  m_IndirectSpecularColor: {r: 0.44657898, g: 0.4964133, b: 0.5748178, a: 1}
  m_UseRadianceAmbientProbe: 0
--- !u!157 &3
LightmapSettings:
  m_ObjectHideFlags: 0
  serializedVersion: 12
  m_GIWorkflowMode: 1
  m_GISettings:
    serializedVersion: 2
    m_BounceScale: 1
    m_IndirectOutputScale: 1
    m_AlbedoBoost: 1
    m_EnvironmentLightingMode: 0
    m_EnableBakedLightmaps: 1
    m_EnableRealtimeLightmaps: 0
  m_LightmapEditorSettings:
    serializedVersion: 12
    m_Resolution: 2
    m_BakeResolution: 40
    m_AtlasSize: 1024
    m_AO: 0
    m_AOMaxDistance: 1
    m_CompAOExponent: 1
    m_CompAOExponentDirect: 0
    m_ExtractAmbientOcclusion: 0
    m_Padding: 2
    m_LightmapParameters: {fileID: 0}
    m_LightmapsBakeMode: 1
    m_TextureCompression: 1
    m_FinalGather: 0
    m_FinalGatherFiltering: 1
    m_FinalGatherRayCount: 256
    m_ReflectionCompression: 2
    m_MixedBakeMode: 2
    m_BakeBackend: 1
    m_PVRSampling: 1
    m_PVRDirectSampleCount: 32
    m_PVRSampleCount: 500
    m_PVRBounces: 2
    m_PVREnvironmentSampleCount: 500
    m_PVREnvironmentReferencePointCount: 2048
    m_PVRFilteringMode: 2
    m_PVRDenoiserTypeDirect: 0
    m_PVRDenoiserTypeIndirect: 0
    m_PVRDenoiserTypeAO: 0
    m_PVRFilterTypeDirect: 0
    m_PVRFilterTypeIndirect: 0
    m_PVRFilterTypeAO: 0
    m_PVREnvironmentMIS: 0
    m_PVRCulling: 1
    m_PVRFilteringGaussRadiusDirect: 1
    m_PVRFilteringGaussRadiusIndirect: 5
    m_PVRFilteringGaussRadiusAO: 2
    m_PVRFilteringAtrousPositionSigmaDirect: 0.5
    m_PVRFilteringAtrousPositionSigmaIndirect: 2
    m_PVRFilteringAtrousPositionSigmaAO: 1
    m_ExportTrainingData: 0
    m_TrainingDataDestination: TrainingData
    m_LightProbeSampleCountMultiplier: 4
  m_LightingDataAsset: {fileID: 0}
  m_LightingSettings: {fileID: 0}
--- !u!196 &4
NavMeshSettings:
  serializedVersion: 2
  m_ObjectHideFlags: 0
  m_BuildSettings:
    serializedVersion: 2
    agentTypeID: 0
    agentRadius: 0.5
    agentHeight: 2
    agentSlope: 45
    agentClimb: 0.4
    ledgeDropHeight: 0
    maxJumpAcrossDistance: 0
    minRegionArea: 2
    manualCellSize: 0
    cellSize: 0.16666667
    manualTileSize: 0
    tileSize: 256
    accuratePlacement: 0
    maxJobWorkers: 0
    preserveTilesOutsideBounds: 0
    debug:
      m_Flags: 0
  m_NavMeshData: {fileID: 0}
--- !u!1 &216644201
GameObject:
  m_ObjectHideFlags: 0
  m_CorrespondingSourceObject: {fileID: 0}
  m_PrefabInstance: {fileID: 0}
  m_PrefabAsset: {fileID: 0}
  serializedVersion: 6
  m_Component:
  - component: {fileID: 216644203}
  - component: {fileID: 216644202}
  m_Layer: 0
  m_Name: NavigationController
  m_TagString: Untagged
  m_Icon: {fileID: 0}
  m_NavMeshLayer: 0
  m_StaticEditorFlags: 0
  m_IsActive: 1
--- !u!114 &216644202
MonoBehaviour:
  m_ObjectHideFlags: 0
  m_CorrespondingSourceObject: {fileID: 0}
  m_PrefabInstance: {fileID: 0}
  m_PrefabAsset: {fileID: 0}
  m_GameObject: {fileID: 216644201}
  m_Enabled: 1
  m_EditorHideFlags: 0
  m_Script: {fileID: 11500000, guid: 1cf77180f75535e41a5b248b53bf6317, type: 3}
  m_Name: 
  m_EditorClassIdentifier: 
  mainMenu: {fileID: 1111035345}
  triaxialComponent: {fileID: 9088312977598546478}
  targetsComponent: {fileID: 7377538429493642969}
  equipmentComponent: {fileID: 477904771730234765}
  testComponent: {fileID: 849975909}
  UU_CD_CU_Component: {fileID: 1982944570}
  quizComponent: {fileID: 264773342}
  pipelineComponent: {fileID: 554219013}
  footer: {fileID: 1256460207}
  header: {fileID: 1846602461}
--- !u!4 &216644203
Transform:
  m_ObjectHideFlags: 0
  m_CorrespondingSourceObject: {fileID: 0}
  m_PrefabInstance: {fileID: 0}
  m_PrefabAsset: {fileID: 0}
  m_GameObject: {fileID: 216644201}
  m_LocalRotation: {x: -0, y: -0, z: -0, w: 1}
  m_LocalPosition: {x: 0, y: 0, z: 0}
  m_LocalScale: {x: 1, y: 1, z: 1}
  m_Children: []
  m_Father: {fileID: 2038118106}
  m_RootOrder: 3
  m_LocalEulerAnglesHint: {x: 0, y: 0, z: 0}
--- !u!114 &264773342 stripped
MonoBehaviour:
  m_CorrespondingSourceObject: {fileID: 1568400603847893435, guid: 08cbb67fd05db4647a7de08756e6a2e4, type: 3}
  m_PrefabInstance: {fileID: 1568400603784462181}
  m_PrefabAsset: {fileID: 0}
  m_GameObject: {fileID: 0}
  m_Enabled: 1
  m_EditorHideFlags: 0
  m_Script: {fileID: 11500000, guid: 7f24f1f8b74fe794bb1c19cebef372b6, type: 3}
  m_Name: 
  m_EditorClassIdentifier: 
--- !u!4 &264773343 stripped
Transform:
  m_CorrespondingSourceObject: {fileID: 1568400603847893434, guid: 08cbb67fd05db4647a7de08756e6a2e4, type: 3}
  m_PrefabInstance: {fileID: 1568400603784462181}
  m_PrefabAsset: {fileID: 0}
--- !u!4 &554219012 stripped
Transform:
  m_CorrespondingSourceObject: {fileID: 8733311668988940022, guid: 2997be6445ef74947852e38a3189c24b, type: 3}
  m_PrefabInstance: {fileID: 8733311669542107378}
  m_PrefabAsset: {fileID: 0}
--- !u!114 &554219013 stripped
MonoBehaviour:
  m_CorrespondingSourceObject: {fileID: 8733311668988940023, guid: 2997be6445ef74947852e38a3189c24b, type: 3}
  m_PrefabInstance: {fileID: 8733311669542107378}
  m_PrefabAsset: {fileID: 0}
  m_GameObject: {fileID: 0}
  m_Enabled: 1
  m_EditorHideFlags: 0
  m_Script: {fileID: 11500000, guid: 2b983e4edb862e3418eb2cccce5c81f0, type: 3}
  m_Name: 
  m_EditorClassIdentifier: 
--- !u!1 &705507993
GameObject:
  m_ObjectHideFlags: 0
  m_CorrespondingSourceObject: {fileID: 0}
  m_PrefabInstance: {fileID: 0}
  m_PrefabAsset: {fileID: 0}
  serializedVersion: 6
  m_Component:
  - component: {fileID: 705507995}
  - component: {fileID: 705507994}
  m_Layer: 0
  m_Name: Directional Light
  m_TagString: Untagged
  m_Icon: {fileID: 0}
  m_NavMeshLayer: 0
  m_StaticEditorFlags: 0
  m_IsActive: 1
--- !u!108 &705507994
Light:
  m_ObjectHideFlags: 0
  m_CorrespondingSourceObject: {fileID: 0}
  m_PrefabInstance: {fileID: 0}
  m_PrefabAsset: {fileID: 0}
  m_GameObject: {fileID: 705507993}
  m_Enabled: 1
  serializedVersion: 10
  m_Type: 1
  m_Shape: 0
  m_Color: {r: 1, g: 0.95686275, b: 0.8392157, a: 1}
  m_Intensity: 1
  m_Range: 10
  m_SpotAngle: 30
  m_InnerSpotAngle: 21.80208
  m_CookieSize: 10
  m_Shadows:
    m_Type: 2
    m_Resolution: -1
    m_CustomResolution: -1
    m_Strength: 1
    m_Bias: 0.05
    m_NormalBias: 0.4
    m_NearPlane: 0.2
    m_CullingMatrixOverride:
      e00: 1
      e01: 0
      e02: 0
      e03: 0
      e10: 0
      e11: 1
      e12: 0
      e13: 0
      e20: 0
      e21: 0
      e22: 1
      e23: 0
      e30: 0
      e31: 0
      e32: 0
      e33: 1
    m_UseCullingMatrixOverride: 0
  m_Cookie: {fileID: 0}
  m_DrawHalo: 0
  m_Flare: {fileID: 0}
  m_RenderMode: 0
  m_CullingMask:
    serializedVersion: 2
    m_Bits: 4294967295
  m_RenderingLayerMask: 1
  m_Lightmapping: 1
  m_LightShadowCasterMode: 0
  m_AreaSize: {x: 1, y: 1}
  m_BounceIntensity: 1
  m_ColorTemperature: 6570
  m_UseColorTemperature: 0
  m_BoundingSphereOverride: {x: 0, y: 0, z: 0, w: 0}
  m_UseBoundingSphereOverride: 0
  m_UseViewFrustumForShadowCasterCull: 1
  m_ShadowRadius: 0
  m_ShadowAngle: 0
--- !u!4 &705507995
Transform:
  m_ObjectHideFlags: 0
  m_CorrespondingSourceObject: {fileID: 0}
  m_PrefabInstance: {fileID: 0}
  m_PrefabAsset: {fileID: 0}
  m_GameObject: {fileID: 705507993}
  m_LocalRotation: {x: 0.40821788, y: -0.23456968, z: 0.10938163, w: 0.8754261}
  m_LocalPosition: {x: 0, y: 3, z: 0}
  m_LocalScale: {x: 1, y: 1, z: 1}
  m_Children: []
  m_Father: {fileID: 0}
  m_RootOrder: 0
  m_LocalEulerAnglesHint: {x: 50, y: -30, z: 0}
--- !u!1001 &849975907
PrefabInstance:
  m_ObjectHideFlags: 0
  serializedVersion: 2
  m_Modification:
    m_TransformParent: {fileID: 2038118106}
    m_Modifications:
    - target: {fileID: 897774214118861024, guid: eeab9202a31629a49842e5351ede4e51, type: 3}
      propertyPath: m_RootOrder
      value: 5
      objectReference: {fileID: 0}
    - target: {fileID: 897774214118861024, guid: eeab9202a31629a49842e5351ede4e51, type: 3}
      propertyPath: m_LocalPosition.x
      value: 0
      objectReference: {fileID: 0}
    - target: {fileID: 897774214118861024, guid: eeab9202a31629a49842e5351ede4e51, type: 3}
      propertyPath: m_LocalPosition.y
      value: -0.05
      objectReference: {fileID: 0}
    - target: {fileID: 897774214118861024, guid: eeab9202a31629a49842e5351ede4e51, type: 3}
      propertyPath: m_LocalPosition.z
      value: 0
      objectReference: {fileID: 0}
    - target: {fileID: 897774214118861024, guid: eeab9202a31629a49842e5351ede4e51, type: 3}
      propertyPath: m_LocalRotation.w
      value: 1
      objectReference: {fileID: 0}
    - target: {fileID: 897774214118861024, guid: eeab9202a31629a49842e5351ede4e51, type: 3}
      propertyPath: m_LocalRotation.x
      value: -0
      objectReference: {fileID: 0}
    - target: {fileID: 897774214118861024, guid: eeab9202a31629a49842e5351ede4e51, type: 3}
      propertyPath: m_LocalRotation.y
      value: -0
      objectReference: {fileID: 0}
    - target: {fileID: 897774214118861024, guid: eeab9202a31629a49842e5351ede4e51, type: 3}
      propertyPath: m_LocalRotation.z
      value: -0
      objectReference: {fileID: 0}
    - target: {fileID: 897774214118861024, guid: eeab9202a31629a49842e5351ede4e51, type: 3}
      propertyPath: m_LocalEulerAnglesHint.x
      value: 0
      objectReference: {fileID: 0}
    - target: {fileID: 897774214118861024, guid: eeab9202a31629a49842e5351ede4e51, type: 3}
      propertyPath: m_LocalEulerAnglesHint.y
      value: 0
      objectReference: {fileID: 0}
    - target: {fileID: 897774214118861024, guid: eeab9202a31629a49842e5351ede4e51, type: 3}
      propertyPath: m_LocalEulerAnglesHint.z
      value: 0
      objectReference: {fileID: 0}
    - target: {fileID: 2650537188197753789, guid: eeab9202a31629a49842e5351ede4e51, type: 3}
      propertyPath: navigationController
      value: 
      objectReference: {fileID: 216644202}
    - target: {fileID: 3678228253448176643, guid: eeab9202a31629a49842e5351ede4e51, type: 3}
      propertyPath: m_Name
      value: Test
      objectReference: {fileID: 0}
    - target: {fileID: 3678228253448176643, guid: eeab9202a31629a49842e5351ede4e51, type: 3}
      propertyPath: m_IsActive
      value: 0
      objectReference: {fileID: 0}
    - target: {fileID: 7009304209249997365, guid: eeab9202a31629a49842e5351ede4e51, type: 3}
      propertyPath: m_text
      value: Test
      objectReference: {fileID: 0}
    - target: {fileID: 7204995133593578580, guid: eeab9202a31629a49842e5351ede4e51, type: 3}
      propertyPath: m_Sprite
      value: 
      objectReference: {fileID: 21300000, guid: dfc832916569f5942acd59ba09e7ba06, type: 3}
    m_RemovedComponents: []
  m_SourcePrefab: {fileID: 100100000, guid: eeab9202a31629a49842e5351ede4e51, type: 3}
--- !u!114 &849975909 stripped
MonoBehaviour:
  m_CorrespondingSourceObject: {fileID: 2650537188197753789, guid: eeab9202a31629a49842e5351ede4e51, type: 3}
  m_PrefabInstance: {fileID: 849975907}
  m_PrefabAsset: {fileID: 0}
  m_GameObject: {fileID: 0}
  m_Enabled: 1
  m_EditorHideFlags: 0
  m_Script: {fileID: 11500000, guid: fd662ea18dd046b478465fe69f7b6f6b, type: 3}
  m_Name: 
  m_EditorClassIdentifier: 
--- !u!4 &849975910 stripped
Transform:
  m_CorrespondingSourceObject: {fileID: 897774214118861024, guid: eeab9202a31629a49842e5351ede4e51, type: 3}
  m_PrefabInstance: {fileID: 849975907}
  m_PrefabAsset: {fileID: 0}
--- !u!1 &963194225
GameObject:
  m_ObjectHideFlags: 0
  m_CorrespondingSourceObject: {fileID: 0}
  m_PrefabInstance: {fileID: 0}
  m_PrefabAsset: {fileID: 0}
  serializedVersion: 6
  m_Component:
  - component: {fileID: 963194228}
  - component: {fileID: 963194227}
  - component: {fileID: 963194226}
  - component: {fileID: 963194230}
  - component: {fileID: 963194229}
  - component: {fileID: 963194231}
  m_Layer: 0
  m_Name: Main Camera
  m_TagString: MainCamera
  m_Icon: {fileID: 0}
  m_NavMeshLayer: 0
  m_StaticEditorFlags: 0
  m_IsActive: 1
--- !u!81 &963194226
AudioListener:
  m_ObjectHideFlags: 0
  m_CorrespondingSourceObject: {fileID: 0}
  m_PrefabInstance: {fileID: 0}
  m_PrefabAsset: {fileID: 0}
  m_GameObject: {fileID: 963194225}
  m_Enabled: 1
--- !u!20 &963194227
Camera:
  m_ObjectHideFlags: 0
  m_CorrespondingSourceObject: {fileID: 0}
  m_PrefabInstance: {fileID: 0}
  m_PrefabAsset: {fileID: 0}
  m_GameObject: {fileID: 963194225}
  m_Enabled: 1
  serializedVersion: 2
  m_ClearFlags: 1
  m_BackGroundColor: {r: 0, g: 0, b: 0, a: 1}
  m_projectionMatrixMode: 1
  m_GateFitMode: 2
  m_FOVAxisMode: 0
  m_SensorSize: {x: 36, y: 24}
  m_LensShift: {x: 0, y: 0}
  m_FocalLength: 50
  m_NormalizedViewPortRect:
    serializedVersion: 2
    x: 0
    y: 0
    width: 1
    height: 1
  near clip plane: 0.1
  far clip plane: 1000
  field of view: 60
  orthographic: 0
  orthographic size: 5
  m_Depth: -1
  m_CullingMask:
    serializedVersion: 2
    m_Bits: 4294967295
  m_RenderingPath: -1
  m_TargetTexture: {fileID: 0}
  m_TargetDisplay: 0
  m_TargetEye: 3
  m_HDR: 1
  m_AllowMSAA: 1
  m_AllowDynamicResolution: 0
  m_ForceIntoRT: 0
  m_OcclusionCulling: 1
  m_StereoConvergence: 10
  m_StereoSeparation: 0.022
--- !u!4 &963194228
Transform:
  m_ObjectHideFlags: 0
  m_CorrespondingSourceObject: {fileID: 0}
  m_PrefabInstance: {fileID: 0}
  m_PrefabAsset: {fileID: 0}
  m_GameObject: {fileID: 963194225}
  m_LocalRotation: {x: -0, y: -0, z: -0, w: 1}
  m_LocalPosition: {x: 0, y: 0, z: 0}
  m_LocalScale: {x: 1, y: 1, z: 1}
  m_Children: []
  m_Father: {fileID: 1666677566}
  m_RootOrder: 0
  m_LocalEulerAnglesHint: {x: 0, y: 0, z: 0}
--- !u!114 &963194229
MonoBehaviour:
  m_ObjectHideFlags: 0
  m_CorrespondingSourceObject: {fileID: 0}
  m_PrefabInstance: {fileID: 0}
  m_PrefabAsset: {fileID: 0}
  m_GameObject: {fileID: 963194225}
  m_Enabled: 1
  m_EditorHideFlags: 0
  m_Script: {fileID: 11500000, guid: 7a21b486d0bb44444b1418aaa38b44de, type: 3}
  m_Name: 
  m_EditorClassIdentifier: 
  m_HorizontalAxis: Horizontal
  m_VerticalAxis: Vertical
  m_SubmitButton: Submit
  m_CancelButton: Cancel
  m_InputActionsPerSecond: 10
  m_RepeatDelay: 0.5
  m_ForceModuleActive: 0
--- !u!114 &963194230
MonoBehaviour:
  m_ObjectHideFlags: 0
  m_CorrespondingSourceObject: {fileID: 0}
  m_PrefabInstance: {fileID: 0}
  m_PrefabAsset: {fileID: 0}
  m_GameObject: {fileID: 963194225}
  m_Enabled: 1
  m_EditorHideFlags: 0
  m_Script: {fileID: 11500000, guid: 76c392e42b5098c458856cdf6ecaaaa1, type: 3}
  m_Name: 
  m_EditorClassIdentifier: 
  m_FirstSelected: {fileID: 0}
  m_sendNavigationEvents: 1
  m_DragThreshold: 10
--- !u!114 &963194231
MonoBehaviour:
  m_ObjectHideFlags: 0
  m_CorrespondingSourceObject: {fileID: 0}
  m_PrefabInstance: {fileID: 0}
  m_PrefabAsset: {fileID: 0}
  m_GameObject: {fileID: 963194225}
  m_Enabled: 1
  m_EditorHideFlags: 0
  m_Script: {fileID: 11500000, guid: bf98dd1206224111a38765365e98e207, type: 3}
  m_Name: 
  m_EditorClassIdentifier: 
  lockCursorWhenFocusLocked: 1
  setCursorInvisibleWhenFocusLocked: 0
  maxGazeCollisionDistance: 10
  raycastLayerMasks:
  - serializedVersion: 2
    m_Bits: 4294967291
  stabilizer:
    storedStabilitySamples: 60
  gazeTransform: {fileID: 0}
  minHeadVelocityThreshold: 0.5
  maxHeadVelocityThreshold: 2
--- !u!1001 &1111035343
PrefabInstance:
  m_ObjectHideFlags: 0
  serializedVersion: 2
  m_Modification:
    m_TransformParent: {fileID: 2038118106}
    m_Modifications:
    - target: {fileID: 5729239636129674526, guid: 75e6b5acd2763aa4d89faea5026b8c33, type: 3}
      propertyPath: m_Name
      value: Main Menu
      objectReference: {fileID: 0}
    - target: {fileID: 5729239636129674526, guid: 75e6b5acd2763aa4d89faea5026b8c33, type: 3}
      propertyPath: m_IsActive
      value: 0
      objectReference: {fileID: 0}
    - target: {fileID: 8141488774854089213, guid: 75e6b5acd2763aa4d89faea5026b8c33, type: 3}
      propertyPath: m_RootOrder
      value: 2
      objectReference: {fileID: 0}
    - target: {fileID: 8141488774854089213, guid: 75e6b5acd2763aa4d89faea5026b8c33, type: 3}
      propertyPath: m_LocalPosition.x
      value: 0
      objectReference: {fileID: 0}
    - target: {fileID: 8141488774854089213, guid: 75e6b5acd2763aa4d89faea5026b8c33, type: 3}
      propertyPath: m_LocalPosition.y
      value: 0
      objectReference: {fileID: 0}
    - target: {fileID: 8141488774854089213, guid: 75e6b5acd2763aa4d89faea5026b8c33, type: 3}
      propertyPath: m_LocalPosition.z
      value: 0
      objectReference: {fileID: 0}
    - target: {fileID: 8141488774854089213, guid: 75e6b5acd2763aa4d89faea5026b8c33, type: 3}
      propertyPath: m_LocalRotation.w
      value: 1
      objectReference: {fileID: 0}
    - target: {fileID: 8141488774854089213, guid: 75e6b5acd2763aa4d89faea5026b8c33, type: 3}
      propertyPath: m_LocalRotation.x
      value: -0
      objectReference: {fileID: 0}
    - target: {fileID: 8141488774854089213, guid: 75e6b5acd2763aa4d89faea5026b8c33, type: 3}
      propertyPath: m_LocalRotation.y
      value: -0
      objectReference: {fileID: 0}
    - target: {fileID: 8141488774854089213, guid: 75e6b5acd2763aa4d89faea5026b8c33, type: 3}
      propertyPath: m_LocalRotation.z
      value: -0
      objectReference: {fileID: 0}
    - target: {fileID: 8141488774854089213, guid: 75e6b5acd2763aa4d89faea5026b8c33, type: 3}
      propertyPath: m_LocalEulerAnglesHint.x
      value: 0
      objectReference: {fileID: 0}
    - target: {fileID: 8141488774854089213, guid: 75e6b5acd2763aa4d89faea5026b8c33, type: 3}
      propertyPath: m_LocalEulerAnglesHint.y
      value: 0
      objectReference: {fileID: 0}
    - target: {fileID: 8141488774854089213, guid: 75e6b5acd2763aa4d89faea5026b8c33, type: 3}
      propertyPath: m_LocalEulerAnglesHint.z
      value: 0
      objectReference: {fileID: 0}
    - target: {fileID: 8212728696244767952, guid: 75e6b5acd2763aa4d89faea5026b8c33, type: 3}
      propertyPath: navigationController
      value: 
      objectReference: {fileID: 216644202}
    m_RemovedComponents: []
  m_SourcePrefab: {fileID: 100100000, guid: 75e6b5acd2763aa4d89faea5026b8c33, type: 3}
--- !u!114 &1111035345 stripped
MonoBehaviour:
  m_CorrespondingSourceObject: {fileID: 8212728696244767952, guid: 75e6b5acd2763aa4d89faea5026b8c33, type: 3}
  m_PrefabInstance: {fileID: 1111035343}
  m_PrefabAsset: {fileID: 0}
  m_GameObject: {fileID: 0}
  m_Enabled: 1
  m_EditorHideFlags: 0
  m_Script: {fileID: 11500000, guid: 679d16865f646064fbf5635255186738, type: 3}
  m_Name: 
  m_EditorClassIdentifier: 
--- !u!4 &1111035346 stripped
Transform:
  m_CorrespondingSourceObject: {fileID: 8141488774854089213, guid: 75e6b5acd2763aa4d89faea5026b8c33, type: 3}
  m_PrefabInstance: {fileID: 1111035343}
  m_PrefabAsset: {fileID: 0}
--- !u!1 &1190228961
GameObject:
  m_ObjectHideFlags: 0
  m_CorrespondingSourceObject: {fileID: 0}
  m_PrefabInstance: {fileID: 0}
  m_PrefabAsset: {fileID: 0}
  serializedVersion: 6
  m_Component:
  - component: {fileID: 1190228962}
  - component: {fileID: 1190228963}
  m_Layer: 0
  m_Name: SceneController
  m_TagString: Untagged
  m_Icon: {fileID: 0}
  m_NavMeshLayer: 0
  m_StaticEditorFlags: 0
  m_IsActive: 1
--- !u!4 &1190228962
Transform:
  m_ObjectHideFlags: 0
  m_CorrespondingSourceObject: {fileID: 0}
  m_PrefabInstance: {fileID: 0}
  m_PrefabAsset: {fileID: 0}
  m_GameObject: {fileID: 1190228961}
  m_LocalRotation: {x: 0, y: 0, z: 0, w: 1}
  m_LocalPosition: {x: 0, y: 0, z: 0}
  m_LocalScale: {x: 1, y: 1, z: 1}
  m_Children: []
  m_Father: {fileID: 2038118106}
  m_RootOrder: 9
  m_LocalEulerAnglesHint: {x: 0, y: 0, z: 0}
--- !u!114 &1190228963
MonoBehaviour:
  m_ObjectHideFlags: 0
  m_CorrespondingSourceObject: {fileID: 0}
  m_PrefabInstance: {fileID: 0}
  m_PrefabAsset: {fileID: 0}
  m_GameObject: {fileID: 1190228961}
  m_Enabled: 1
  m_EditorHideFlags: 0
  m_Script: {fileID: 11500000, guid: 255bf4a9010a735469099deec6a58694, type: 3}
  m_Name: 
  m_EditorClassIdentifier: 
--- !u!1001 &1256460205
PrefabInstance:
  m_ObjectHideFlags: 0
  serializedVersion: 2
  m_Modification:
    m_TransformParent: {fileID: 2038118106}
    m_Modifications:
    - target: {fileID: 1074245904774944586, guid: c0bf80d28ed2d4e43a03bf24b463c6a3, type: 3}
      propertyPath: menuFollowController
      value: 
      objectReference: {fileID: 2038118107}
    - target: {fileID: 1074245904774944586, guid: c0bf80d28ed2d4e43a03bf24b463c6a3, type: 3}
      propertyPath: navigationController
      value: 
      objectReference: {fileID: 216644202}
    - target: {fileID: 4831129958839648307, guid: c0bf80d28ed2d4e43a03bf24b463c6a3, type: 3}
      propertyPath: m_Name
      value: Footer
      objectReference: {fileID: 0}
    - target: {fileID: 4831129958839648307, guid: c0bf80d28ed2d4e43a03bf24b463c6a3, type: 3}
      propertyPath: m_IsActive
      value: 1
      objectReference: {fileID: 0}
    - target: {fileID: 6110263763807448040, guid: c0bf80d28ed2d4e43a03bf24b463c6a3, type: 3}
      propertyPath: m_RootOrder
      value: 1
      objectReference: {fileID: 0}
    - target: {fileID: 6110263763807448040, guid: c0bf80d28ed2d4e43a03bf24b463c6a3, type: 3}
      propertyPath: m_LocalPosition.x
      value: 0
      objectReference: {fileID: 0}
    - target: {fileID: 6110263763807448040, guid: c0bf80d28ed2d4e43a03bf24b463c6a3, type: 3}
      propertyPath: m_LocalPosition.y
      value: -0.138
      objectReference: {fileID: 0}
    - target: {fileID: 6110263763807448040, guid: c0bf80d28ed2d4e43a03bf24b463c6a3, type: 3}
      propertyPath: m_LocalPosition.z
      value: 0
      objectReference: {fileID: 0}
    - target: {fileID: 6110263763807448040, guid: c0bf80d28ed2d4e43a03bf24b463c6a3, type: 3}
      propertyPath: m_LocalRotation.w
      value: 1
      objectReference: {fileID: 0}
    - target: {fileID: 6110263763807448040, guid: c0bf80d28ed2d4e43a03bf24b463c6a3, type: 3}
      propertyPath: m_LocalRotation.x
      value: -0
      objectReference: {fileID: 0}
    - target: {fileID: 6110263763807448040, guid: c0bf80d28ed2d4e43a03bf24b463c6a3, type: 3}
      propertyPath: m_LocalRotation.y
      value: -0
      objectReference: {fileID: 0}
    - target: {fileID: 6110263763807448040, guid: c0bf80d28ed2d4e43a03bf24b463c6a3, type: 3}
      propertyPath: m_LocalRotation.z
      value: -0
      objectReference: {fileID: 0}
    - target: {fileID: 6110263763807448040, guid: c0bf80d28ed2d4e43a03bf24b463c6a3, type: 3}
      propertyPath: m_LocalEulerAnglesHint.x
      value: 0
      objectReference: {fileID: 0}
    - target: {fileID: 6110263763807448040, guid: c0bf80d28ed2d4e43a03bf24b463c6a3, type: 3}
      propertyPath: m_LocalEulerAnglesHint.y
      value: 0
      objectReference: {fileID: 0}
    - target: {fileID: 6110263763807448040, guid: c0bf80d28ed2d4e43a03bf24b463c6a3, type: 3}
      propertyPath: m_LocalEulerAnglesHint.z
      value: 0
      objectReference: {fileID: 0}
    m_RemovedComponents: []
  m_SourcePrefab: {fileID: 100100000, guid: c0bf80d28ed2d4e43a03bf24b463c6a3, type: 3}
--- !u!114 &1256460207 stripped
MonoBehaviour:
  m_CorrespondingSourceObject: {fileID: 1074245904774944586, guid: c0bf80d28ed2d4e43a03bf24b463c6a3, type: 3}
  m_PrefabInstance: {fileID: 1256460205}
  m_PrefabAsset: {fileID: 0}
  m_GameObject: {fileID: 0}
  m_Enabled: 1
  m_EditorHideFlags: 0
  m_Script: {fileID: 11500000, guid: 00d4ce7f650106645b70d36facf70f33, type: 3}
  m_Name: 
  m_EditorClassIdentifier: 
--- !u!4 &1256460208 stripped
Transform:
  m_CorrespondingSourceObject: {fileID: 6110263763807448040, guid: c0bf80d28ed2d4e43a03bf24b463c6a3, type: 3}
  m_PrefabInstance: {fileID: 1256460205}
  m_PrefabAsset: {fileID: 0}
--- !u!1 &1666677565
GameObject:
  m_ObjectHideFlags: 0
  m_CorrespondingSourceObject: {fileID: 0}
  m_PrefabInstance: {fileID: 0}
  m_PrefabAsset: {fileID: 0}
  serializedVersion: 6
  m_Component:
  - component: {fileID: 1666677566}
  m_Layer: 0
  m_Name: MixedRealityPlayspace
  m_TagString: Untagged
  m_Icon: {fileID: 0}
  m_NavMeshLayer: 0
  m_StaticEditorFlags: 0
  m_IsActive: 1
--- !u!4 &1666677566
Transform:
  m_ObjectHideFlags: 0
  m_CorrespondingSourceObject: {fileID: 0}
  m_PrefabInstance: {fileID: 0}
  m_PrefabAsset: {fileID: 0}
  m_GameObject: {fileID: 1666677565}
  m_LocalRotation: {x: 0, y: 0, z: 0, w: 1}
  m_LocalPosition: {x: 0, y: 0, z: 0}
  m_LocalScale: {x: 1, y: 1, z: 1}
  m_Children:
  - {fileID: 963194228}
  m_Father: {fileID: 0}
  m_RootOrder: 2
  m_LocalEulerAnglesHint: {x: 0, y: 0, z: 0}
--- !u!1 &1740475880
GameObject:
  m_ObjectHideFlags: 0
  m_CorrespondingSourceObject: {fileID: 0}
  m_PrefabInstance: {fileID: 0}
  m_PrefabAsset: {fileID: 0}
  serializedVersion: 6
  m_Component:
  - component: {fileID: 1740475882}
  - component: {fileID: 1740475881}
  m_Layer: 0
  m_Name: MixedRealityToolkit
  m_TagString: Untagged
  m_Icon: {fileID: 0}
  m_NavMeshLayer: 0
  m_StaticEditorFlags: 0
  m_IsActive: 1
--- !u!114 &1740475881
MonoBehaviour:
  m_ObjectHideFlags: 0
  m_CorrespondingSourceObject: {fileID: 0}
  m_PrefabInstance: {fileID: 0}
  m_PrefabAsset: {fileID: 0}
  m_GameObject: {fileID: 1740475880}
  m_Enabled: 1
  m_EditorHideFlags: 0
  m_Script: {fileID: 11500000, guid: 83d9acc7968244a8886f3af591305bcb, type: 3}
  m_Name: 
  m_EditorClassIdentifier: 
  activeProfile: {fileID: 11400000, guid: 1e3716acf2b8f684aba2d69548e29c52, type: 2}
--- !u!4 &1740475882
Transform:
  m_ObjectHideFlags: 0
  m_CorrespondingSourceObject: {fileID: 0}
  m_PrefabInstance: {fileID: 0}
  m_PrefabAsset: {fileID: 0}
  m_GameObject: {fileID: 1740475880}
  m_LocalRotation: {x: 0, y: 0, z: 0, w: 1}
  m_LocalPosition: {x: 0, y: 0, z: 0}
  m_LocalScale: {x: 1, y: 1, z: 1}
  m_Children: []
  m_Father: {fileID: 0}
  m_RootOrder: 1
  m_LocalEulerAnglesHint: {x: 0, y: 0, z: 0}
--- !u!1001 &1846602459
PrefabInstance:
  m_ObjectHideFlags: 0
  serializedVersion: 2
  m_Modification:
    m_TransformParent: {fileID: 2038118106}
    m_Modifications:
    - target: {fileID: 1326734814014650382, guid: e0fa705717c9e954c9965a3885d27f50, type: 3}
      propertyPath: scm
      value: 
      objectReference: {fileID: 1190228963}
    - target: {fileID: 1326734814014650382, guid: e0fa705717c9e954c9965a3885d27f50, type: 3}
      propertyPath: navigationController
      value: 
      objectReference: {fileID: 216644202}
    - target: {fileID: 5567001112397059658, guid: e0fa705717c9e954c9965a3885d27f50, type: 3}
      propertyPath: m_Name
      value: Header
      objectReference: {fileID: 0}
    - target: {fileID: 5567001112397059658, guid: e0fa705717c9e954c9965a3885d27f50, type: 3}
      propertyPath: m_IsActive
      value: 1
      objectReference: {fileID: 0}
    - target: {fileID: 8186223774481381247, guid: e0fa705717c9e954c9965a3885d27f50, type: 3}
      propertyPath: m_RootOrder
      value: 0
      objectReference: {fileID: 0}
    - target: {fileID: 8186223774481381247, guid: e0fa705717c9e954c9965a3885d27f50, type: 3}
      propertyPath: m_LocalPosition.x
      value: 0
      objectReference: {fileID: 0}
    - target: {fileID: 8186223774481381247, guid: e0fa705717c9e954c9965a3885d27f50, type: 3}
      propertyPath: m_LocalPosition.y
      value: -0.038
      objectReference: {fileID: 0}
    - target: {fileID: 8186223774481381247, guid: e0fa705717c9e954c9965a3885d27f50, type: 3}
      propertyPath: m_LocalPosition.z
      value: 0
      objectReference: {fileID: 0}
    - target: {fileID: 8186223774481381247, guid: e0fa705717c9e954c9965a3885d27f50, type: 3}
      propertyPath: m_LocalRotation.w
      value: 1
      objectReference: {fileID: 0}
    - target: {fileID: 8186223774481381247, guid: e0fa705717c9e954c9965a3885d27f50, type: 3}
      propertyPath: m_LocalRotation.x
      value: -0
      objectReference: {fileID: 0}
    - target: {fileID: 8186223774481381247, guid: e0fa705717c9e954c9965a3885d27f50, type: 3}
      propertyPath: m_LocalRotation.y
      value: -0
      objectReference: {fileID: 0}
    - target: {fileID: 8186223774481381247, guid: e0fa705717c9e954c9965a3885d27f50, type: 3}
      propertyPath: m_LocalRotation.z
      value: -0
      objectReference: {fileID: 0}
    - target: {fileID: 8186223774481381247, guid: e0fa705717c9e954c9965a3885d27f50, type: 3}
      propertyPath: m_LocalEulerAnglesHint.x
      value: 0
      objectReference: {fileID: 0}
    - target: {fileID: 8186223774481381247, guid: e0fa705717c9e954c9965a3885d27f50, type: 3}
      propertyPath: m_LocalEulerAnglesHint.y
      value: 0
      objectReference: {fileID: 0}
    - target: {fileID: 8186223774481381247, guid: e0fa705717c9e954c9965a3885d27f50, type: 3}
      propertyPath: m_LocalEulerAnglesHint.z
      value: 0
      objectReference: {fileID: 0}
    m_RemovedComponents: []
  m_SourcePrefab: {fileID: 100100000, guid: e0fa705717c9e954c9965a3885d27f50, type: 3}
--- !u!114 &1846602461 stripped
MonoBehaviour:
  m_CorrespondingSourceObject: {fileID: 1326734814014650382, guid: e0fa705717c9e954c9965a3885d27f50, type: 3}
  m_PrefabInstance: {fileID: 1846602459}
  m_PrefabAsset: {fileID: 0}
  m_GameObject: {fileID: 0}
  m_Enabled: 1
  m_EditorHideFlags: 0
  m_Script: {fileID: 11500000, guid: 0d607e82aa6e13a4a8e1b02296791e99, type: 3}
  m_Name: 
  m_EditorClassIdentifier: 
--- !u!4 &1846602462 stripped
Transform:
  m_CorrespondingSourceObject: {fileID: 8186223774481381247, guid: e0fa705717c9e954c9965a3885d27f50, type: 3}
  m_PrefabInstance: {fileID: 1846602459}
  m_PrefabAsset: {fileID: 0}
--- !u!114 &1982944570 stripped
MonoBehaviour:
  m_CorrespondingSourceObject: {fileID: 5249295856928530614, guid: 4a80883aba0109145b7191194bffa68d, type: 3}
  m_PrefabInstance: {fileID: 989919686714901948}
  m_PrefabAsset: {fileID: 0}
  m_GameObject: {fileID: 0}
  m_Enabled: 1
  m_EditorHideFlags: 0
  m_Script: {fileID: 11500000, guid: b31fc5ba10c7e764587d0676af483a0e, type: 3}
  m_Name: 
  m_EditorClassIdentifier: 
--- !u!1 &2038118105
GameObject:
  m_ObjectHideFlags: 0
  m_CorrespondingSourceObject: {fileID: 0}
  m_PrefabInstance: {fileID: 0}
  m_PrefabAsset: {fileID: 0}
  serializedVersion: 6
  m_Component:
  - component: {fileID: 2038118106}
  - component: {fileID: 2038118107}
  - component: {fileID: 2038118108}
  m_Layer: 0
  m_Name: Menu
  m_TagString: Untagged
  m_Icon: {fileID: 0}
  m_NavMeshLayer: 0
  m_StaticEditorFlags: 0
  m_IsActive: 1
--- !u!4 &2038118106
Transform:
  m_ObjectHideFlags: 0
  m_CorrespondingSourceObject: {fileID: 0}
  m_PrefabInstance: {fileID: 0}
  m_PrefabAsset: {fileID: 0}
  m_GameObject: {fileID: 2038118105}
  m_LocalRotation: {x: 0, y: 0, z: 0, w: 1}
  m_LocalPosition: {x: 0, y: 0, z: 0}
  m_LocalScale: {x: 1, y: 1, z: 1}
  m_Children:
  - {fileID: 1846602462}
  - {fileID: 1256460208}
  - {fileID: 1111035346}
  - {fileID: 216644203}
  - {fileID: 8036884651272988434}
  - {fileID: 849975910}
  - {fileID: 1748070232264641966}
  - {fileID: 6421132388467337787}
  - {fileID: 989919686714901949}
  - {fileID: 1190228962}
  - {fileID: 264773343}
  - {fileID: 554219012}
  m_Father: {fileID: 0}
  m_RootOrder: 3
  m_LocalEulerAnglesHint: {x: 0, y: 0, z: 0}
--- !u!114 &2038118107
MonoBehaviour:
  m_ObjectHideFlags: 0
  m_CorrespondingSourceObject: {fileID: 0}
  m_PrefabInstance: {fileID: 0}
  m_PrefabAsset: {fileID: 0}
  m_GameObject: {fileID: 2038118105}
  m_Enabled: 1
  m_EditorHideFlags: 0
  m_Script: {fileID: 11500000, guid: 80055c9d80e02c44781a293c74dbc7e9, type: 3}
  m_Name: 
  m_EditorClassIdentifier: 
--- !u!114 &2038118108
MonoBehaviour:
  m_ObjectHideFlags: 0
  m_CorrespondingSourceObject: {fileID: 0}
  m_PrefabInstance: {fileID: 0}
  m_PrefabAsset: {fileID: 0}
  m_GameObject: {fileID: 2038118105}
  m_Enabled: 1
  m_EditorHideFlags: 0
  m_Script: {fileID: 11500000, guid: 4f9fe0711e15dc74088fd1fdac4a1b0c, type: 3}
  m_Name: 
  m_EditorClassIdentifier: 
--- !u!1001 &477904771730234764
PrefabInstance:
  m_ObjectHideFlags: 0
  serializedVersion: 2
  m_Modification:
    m_TransformParent: {fileID: 2038118106}
    m_Modifications:
    - target: {fileID: 6221478957510907517, guid: 3ee8b0ad0ef7a9c45a4ff9f73ca2cc66, type: 3}
      propertyPath: m_Name
      value: Equipment
      objectReference: {fileID: 0}
    - target: {fileID: 6221478957510907517, guid: 3ee8b0ad0ef7a9c45a4ff9f73ca2cc66, type: 3}
      propertyPath: m_IsActive
      value: 0
      objectReference: {fileID: 0}
    - target: {fileID: 7577618470215072414, guid: 3ee8b0ad0ef7a9c45a4ff9f73ca2cc66, type: 3}
      propertyPath: m_RootOrder
      value: 4
      objectReference: {fileID: 0}
    - target: {fileID: 7577618470215072414, guid: 3ee8b0ad0ef7a9c45a4ff9f73ca2cc66, type: 3}
      propertyPath: m_LocalPosition.x
      value: 0
      objectReference: {fileID: 0}
    - target: {fileID: 7577618470215072414, guid: 3ee8b0ad0ef7a9c45a4ff9f73ca2cc66, type: 3}
      propertyPath: m_LocalPosition.y
      value: -0.05
      objectReference: {fileID: 0}
    - target: {fileID: 7577618470215072414, guid: 3ee8b0ad0ef7a9c45a4ff9f73ca2cc66, type: 3}
      propertyPath: m_LocalPosition.z
      value: 0
      objectReference: {fileID: 0}
    - target: {fileID: 7577618470215072414, guid: 3ee8b0ad0ef7a9c45a4ff9f73ca2cc66, type: 3}
      propertyPath: m_LocalRotation.w
      value: 1
      objectReference: {fileID: 0}
    - target: {fileID: 7577618470215072414, guid: 3ee8b0ad0ef7a9c45a4ff9f73ca2cc66, type: 3}
      propertyPath: m_LocalRotation.x
      value: -0
      objectReference: {fileID: 0}
    - target: {fileID: 7577618470215072414, guid: 3ee8b0ad0ef7a9c45a4ff9f73ca2cc66, type: 3}
      propertyPath: m_LocalRotation.y
      value: -0
      objectReference: {fileID: 0}
    - target: {fileID: 7577618470215072414, guid: 3ee8b0ad0ef7a9c45a4ff9f73ca2cc66, type: 3}
      propertyPath: m_LocalRotation.z
      value: -0
      objectReference: {fileID: 0}
    - target: {fileID: 7577618470215072414, guid: 3ee8b0ad0ef7a9c45a4ff9f73ca2cc66, type: 3}
      propertyPath: m_LocalEulerAnglesHint.x
      value: 0
      objectReference: {fileID: 0}
    - target: {fileID: 7577618470215072414, guid: 3ee8b0ad0ef7a9c45a4ff9f73ca2cc66, type: 3}
      propertyPath: m_LocalEulerAnglesHint.y
      value: 0
      objectReference: {fileID: 0}
    - target: {fileID: 7577618470215072414, guid: 3ee8b0ad0ef7a9c45a4ff9f73ca2cc66, type: 3}
      propertyPath: m_LocalEulerAnglesHint.z
      value: 0
      objectReference: {fileID: 0}
    m_RemovedComponents: []
  m_SourcePrefab: {fileID: 100100000, guid: 3ee8b0ad0ef7a9c45a4ff9f73ca2cc66, type: 3}
--- !u!114 &477904771730234765 stripped
MonoBehaviour:
  m_CorrespondingSourceObject: {fileID: 571391629910730567, guid: 3ee8b0ad0ef7a9c45a4ff9f73ca2cc66, type: 3}
  m_PrefabInstance: {fileID: 477904771730234764}
  m_PrefabAsset: {fileID: 0}
  m_GameObject: {fileID: 0}
  m_Enabled: 1
  m_EditorHideFlags: 0
  m_Script: {fileID: 11500000, guid: 097d98e5ec7d8f84ea474eb206093943, type: 3}
  m_Name: 
  m_EditorClassIdentifier: 
--- !u!1001 &989919686714901948
PrefabInstance:
  m_ObjectHideFlags: 0
  serializedVersion: 2
  m_Modification:
    m_TransformParent: {fileID: 2038118106}
    m_Modifications:
    - target: {fileID: 1630255015186848772, guid: 4a80883aba0109145b7191194bffa68d, type: 3}
      propertyPath: m_RootOrder
      value: 8
      objectReference: {fileID: 0}
    - target: {fileID: 1630255015186848772, guid: 4a80883aba0109145b7191194bffa68d, type: 3}
      propertyPath: m_LocalPosition.x
      value: 0
      objectReference: {fileID: 0}
    - target: {fileID: 1630255015186848772, guid: 4a80883aba0109145b7191194bffa68d, type: 3}
      propertyPath: m_LocalPosition.y
      value: 0
      objectReference: {fileID: 0}
    - target: {fileID: 1630255015186848772, guid: 4a80883aba0109145b7191194bffa68d, type: 3}
      propertyPath: m_LocalPosition.z
      value: 0
      objectReference: {fileID: 0}
    - target: {fileID: 1630255015186848772, guid: 4a80883aba0109145b7191194bffa68d, type: 3}
      propertyPath: m_LocalRotation.w
      value: 1
      objectReference: {fileID: 0}
    - target: {fileID: 1630255015186848772, guid: 4a80883aba0109145b7191194bffa68d, type: 3}
      propertyPath: m_LocalRotation.x
      value: -0
      objectReference: {fileID: 0}
    - target: {fileID: 1630255015186848772, guid: 4a80883aba0109145b7191194bffa68d, type: 3}
      propertyPath: m_LocalRotation.y
      value: -0
      objectReference: {fileID: 0}
    - target: {fileID: 1630255015186848772, guid: 4a80883aba0109145b7191194bffa68d, type: 3}
      propertyPath: m_LocalRotation.z
      value: -0
      objectReference: {fileID: 0}
    - target: {fileID: 1630255015186848772, guid: 4a80883aba0109145b7191194bffa68d, type: 3}
      propertyPath: m_LocalEulerAnglesHint.x
      value: 0
      objectReference: {fileID: 0}
    - target: {fileID: 1630255015186848772, guid: 4a80883aba0109145b7191194bffa68d, type: 3}
      propertyPath: m_LocalEulerAnglesHint.y
      value: 0
      objectReference: {fileID: 0}
    - target: {fileID: 1630255015186848772, guid: 4a80883aba0109145b7191194bffa68d, type: 3}
      propertyPath: m_LocalEulerAnglesHint.z
      value: 0
      objectReference: {fileID: 0}
    - target: {fileID: 5249295856928530614, guid: 4a80883aba0109145b7191194bffa68d, type: 3}
      propertyPath: scm
      value: 
      objectReference: {fileID: 1190228963}
    - target: {fileID: 5249295856928530614, guid: 4a80883aba0109145b7191194bffa68d, type: 3}
      propertyPath: navigationController
      value: 
      objectReference: {fileID: 216644202}
    - target: {fileID: 6508378836351690944, guid: 4a80883aba0109145b7191194bffa68d, type: 3}
      propertyPath: m_Name
      value: UU-CU-CD
      objectReference: {fileID: 0}
    - target: {fileID: 6508378836351690944, guid: 4a80883aba0109145b7191194bffa68d, type: 3}
      propertyPath: m_IsActive
      value: 1
      objectReference: {fileID: 0}
    m_RemovedComponents: []
  m_SourcePrefab: {fileID: 100100000, guid: 4a80883aba0109145b7191194bffa68d, type: 3}
--- !u!4 &989919686714901949 stripped
Transform:
  m_CorrespondingSourceObject: {fileID: 1630255015186848772, guid: 4a80883aba0109145b7191194bffa68d, type: 3}
  m_PrefabInstance: {fileID: 989919686714901948}
  m_PrefabAsset: {fileID: 0}
--- !u!1001 &1568400603784462181
PrefabInstance:
  m_ObjectHideFlags: 0
  serializedVersion: 2
  m_Modification:
    m_TransformParent: {fileID: 2038118106}
    m_Modifications:
    - target: {fileID: 1568400603847893432, guid: 08cbb67fd05db4647a7de08756e6a2e4, type: 3}
      propertyPath: m_Name
      value: QuizComponent
      objectReference: {fileID: 0}
    - target: {fileID: 1568400603847893434, guid: 08cbb67fd05db4647a7de08756e6a2e4, type: 3}
      propertyPath: m_RootOrder
      value: 10
      objectReference: {fileID: 0}
    - target: {fileID: 1568400603847893434, guid: 08cbb67fd05db4647a7de08756e6a2e4, type: 3}
      propertyPath: m_LocalPosition.x
      value: 0
      objectReference: {fileID: 0}
    - target: {fileID: 1568400603847893434, guid: 08cbb67fd05db4647a7de08756e6a2e4, type: 3}
      propertyPath: m_LocalPosition.y
      value: 0
      objectReference: {fileID: 0}
    - target: {fileID: 1568400603847893434, guid: 08cbb67fd05db4647a7de08756e6a2e4, type: 3}
      propertyPath: m_LocalPosition.z
      value: 0
      objectReference: {fileID: 0}
    - target: {fileID: 1568400603847893434, guid: 08cbb67fd05db4647a7de08756e6a2e4, type: 3}
      propertyPath: m_LocalRotation.w
      value: 1
      objectReference: {fileID: 0}
    - target: {fileID: 1568400603847893434, guid: 08cbb67fd05db4647a7de08756e6a2e4, type: 3}
      propertyPath: m_LocalRotation.x
      value: -0
      objectReference: {fileID: 0}
    - target: {fileID: 1568400603847893434, guid: 08cbb67fd05db4647a7de08756e6a2e4, type: 3}
      propertyPath: m_LocalRotation.y
      value: -0
      objectReference: {fileID: 0}
    - target: {fileID: 1568400603847893434, guid: 08cbb67fd05db4647a7de08756e6a2e4, type: 3}
      propertyPath: m_LocalRotation.z
      value: -0
      objectReference: {fileID: 0}
    - target: {fileID: 1568400603847893434, guid: 08cbb67fd05db4647a7de08756e6a2e4, type: 3}
      propertyPath: m_LocalEulerAnglesHint.x
      value: 0
      objectReference: {fileID: 0}
    - target: {fileID: 1568400603847893434, guid: 08cbb67fd05db4647a7de08756e6a2e4, type: 3}
      propertyPath: m_LocalEulerAnglesHint.y
      value: 0
      objectReference: {fileID: 0}
    - target: {fileID: 1568400603847893434, guid: 08cbb67fd05db4647a7de08756e6a2e4, type: 3}
      propertyPath: m_LocalEulerAnglesHint.z
      value: 0
      objectReference: {fileID: 0}
    - target: {fileID: 1568400603847893435, guid: 08cbb67fd05db4647a7de08756e6a2e4, type: 3}
      propertyPath: navigationController
      value: 
      objectReference: {fileID: 216644202}
    m_RemovedComponents: []
  m_SourcePrefab: {fileID: 100100000, guid: 08cbb67fd05db4647a7de08756e6a2e4, type: 3}
--- !u!4 &1748070232264641966 stripped
Transform:
  m_CorrespondingSourceObject: {fileID: 6421132388383777635, guid: 5ac1dcab1d2b5e74ab4a6579ef7ebcac, type: 3}
  m_PrefabInstance: {fileID: 9088312977598546477}
  m_PrefabAsset: {fileID: 0}
--- !u!1001 &4878574000199982960
PrefabInstance:
  m_ObjectHideFlags: 0
  serializedVersion: 2
  m_Modification:
    m_TransformParent: {fileID: 2038118106}
    m_Modifications:
    - target: {fileID: 1920887317048440139, guid: 4a1ba0119bb6a5b49b6f34d49ad31035, type: 3}
      propertyPath: m_RootOrder
      value: 7
      objectReference: {fileID: 0}
    - target: {fileID: 1920887317048440139, guid: 4a1ba0119bb6a5b49b6f34d49ad31035, type: 3}
      propertyPath: m_LocalPosition.x
      value: 0
      objectReference: {fileID: 0}
    - target: {fileID: 1920887317048440139, guid: 4a1ba0119bb6a5b49b6f34d49ad31035, type: 3}
      propertyPath: m_LocalPosition.y
      value: -0.05
      objectReference: {fileID: 0}
    - target: {fileID: 1920887317048440139, guid: 4a1ba0119bb6a5b49b6f34d49ad31035, type: 3}
      propertyPath: m_LocalPosition.z
      value: 0
      objectReference: {fileID: 0}
    - target: {fileID: 1920887317048440139, guid: 4a1ba0119bb6a5b49b6f34d49ad31035, type: 3}
      propertyPath: m_LocalRotation.w
      value: 1
      objectReference: {fileID: 0}
    - target: {fileID: 1920887317048440139, guid: 4a1ba0119bb6a5b49b6f34d49ad31035, type: 3}
      propertyPath: m_LocalRotation.x
      value: -0
      objectReference: {fileID: 0}
    - target: {fileID: 1920887317048440139, guid: 4a1ba0119bb6a5b49b6f34d49ad31035, type: 3}
      propertyPath: m_LocalRotation.y
      value: -0
      objectReference: {fileID: 0}
    - target: {fileID: 1920887317048440139, guid: 4a1ba0119bb6a5b49b6f34d49ad31035, type: 3}
      propertyPath: m_LocalRotation.z
      value: -0
      objectReference: {fileID: 0}
    - target: {fileID: 1920887317048440139, guid: 4a1ba0119bb6a5b49b6f34d49ad31035, type: 3}
      propertyPath: m_LocalEulerAnglesHint.x
      value: 0
      objectReference: {fileID: 0}
    - target: {fileID: 1920887317048440139, guid: 4a1ba0119bb6a5b49b6f34d49ad31035, type: 3}
      propertyPath: m_LocalEulerAnglesHint.y
      value: 0
      objectReference: {fileID: 0}
    - target: {fileID: 1920887317048440139, guid: 4a1ba0119bb6a5b49b6f34d49ad31035, type: 3}
      propertyPath: m_LocalEulerAnglesHint.z
      value: 0
      objectReference: {fileID: 0}
    - target: {fileID: 2726477853513439656, guid: 4a1ba0119bb6a5b49b6f34d49ad31035, type: 3}
      propertyPath: m_Name
      value: Targets
      objectReference: {fileID: 0}
    - target: {fileID: 2726477853513439656, guid: 4a1ba0119bb6a5b49b6f34d49ad31035, type: 3}
      propertyPath: m_IsActive
      value: 0
      objectReference: {fileID: 0}
    - target: {fileID: 4703198193204233536, guid: 4a1ba0119bb6a5b49b6f34d49ad31035, type: 3}
      propertyPath: navigationController
      value: 
      objectReference: {fileID: 216644202}
    m_RemovedComponents: []
  m_SourcePrefab: {fileID: 100100000, guid: 4a1ba0119bb6a5b49b6f34d49ad31035, type: 3}
--- !u!4 &6421132388467337787 stripped
Transform:
  m_CorrespondingSourceObject: {fileID: 1920887317048440139, guid: 4a1ba0119bb6a5b49b6f34d49ad31035, type: 3}
  m_PrefabInstance: {fileID: 4878574000199982960}
  m_PrefabAsset: {fileID: 0}
--- !u!114 &7377538429493642969 stripped
MonoBehaviour:
  m_CorrespondingSourceObject: {fileID: 4703198193204233536, guid: 4a1ba0119bb6a5b49b6f34d49ad31035, type: 3}
  m_PrefabInstance: {fileID: 4878574000199982960}
  m_PrefabAsset: {fileID: 0}
  m_GameObject: {fileID: 0}
  m_Enabled: 1
  m_EditorHideFlags: 0
  m_Script: {fileID: 11500000, guid: e9de5e35e2299c24bbcd2a66760aade4, type: 3}
  m_Name: 
  m_EditorClassIdentifier: 
--- !u!4 &8036884651272988434 stripped
Transform:
  m_CorrespondingSourceObject: {fileID: 7577618470215072414, guid: 3ee8b0ad0ef7a9c45a4ff9f73ca2cc66, type: 3}
  m_PrefabInstance: {fileID: 477904771730234764}
  m_PrefabAsset: {fileID: 0}
--- !u!1001 &8733311669542107378
PrefabInstance:
  m_ObjectHideFlags: 0
  serializedVersion: 2
  m_Modification:
    m_TransformParent: {fileID: 2038118106}
    m_Modifications:
    - target: {fileID: 8733311668988940017, guid: 2997be6445ef74947852e38a3189c24b, type: 3}
      propertyPath: m_Name
      value: Pipeline
      objectReference: {fileID: 0}
    - target: {fileID: 8733311668988940017, guid: 2997be6445ef74947852e38a3189c24b, type: 3}
      propertyPath: m_IsActive
      value: 0
      objectReference: {fileID: 0}
    - target: {fileID: 8733311668988940022, guid: 2997be6445ef74947852e38a3189c24b, type: 3}
      propertyPath: m_RootOrder
      value: 11
      objectReference: {fileID: 0}
    - target: {fileID: 8733311668988940022, guid: 2997be6445ef74947852e38a3189c24b, type: 3}
      propertyPath: m_LocalPosition.x
      value: 0
      objectReference: {fileID: 0}
    - target: {fileID: 8733311668988940022, guid: 2997be6445ef74947852e38a3189c24b, type: 3}
      propertyPath: m_LocalPosition.y
      value: 0
      objectReference: {fileID: 0}
    - target: {fileID: 8733311668988940022, guid: 2997be6445ef74947852e38a3189c24b, type: 3}
      propertyPath: m_LocalPosition.z
      value: 0
      objectReference: {fileID: 0}
    - target: {fileID: 8733311668988940022, guid: 2997be6445ef74947852e38a3189c24b, type: 3}
      propertyPath: m_LocalRotation.w
      value: 1
      objectReference: {fileID: 0}
    - target: {fileID: 8733311668988940022, guid: 2997be6445ef74947852e38a3189c24b, type: 3}
      propertyPath: m_LocalRotation.x
      value: 0
      objectReference: {fileID: 0}
    - target: {fileID: 8733311668988940022, guid: 2997be6445ef74947852e38a3189c24b, type: 3}
      propertyPath: m_LocalRotation.y
      value: 0
      objectReference: {fileID: 0}
    - target: {fileID: 8733311668988940022, guid: 2997be6445ef74947852e38a3189c24b, type: 3}
      propertyPath: m_LocalRotation.z
      value: 0
      objectReference: {fileID: 0}
    - target: {fileID: 8733311668988940022, guid: 2997be6445ef74947852e38a3189c24b, type: 3}
      propertyPath: m_LocalEulerAnglesHint.x
      value: 0
      objectReference: {fileID: 0}
    - target: {fileID: 8733311668988940022, guid: 2997be6445ef74947852e38a3189c24b, type: 3}
      propertyPath: m_LocalEulerAnglesHint.y
      value: 0
      objectReference: {fileID: 0}
    - target: {fileID: 8733311668988940022, guid: 2997be6445ef74947852e38a3189c24b, type: 3}
      propertyPath: m_LocalEulerAnglesHint.z
      value: 0
      objectReference: {fileID: 0}
    - target: {fileID: 8733311668988940023, guid: 2997be6445ef74947852e38a3189c24b, type: 3}
      propertyPath: navigationController
      value: 
      objectReference: {fileID: 216644202}
    m_RemovedComponents: []
  m_SourcePrefab: {fileID: 100100000, guid: 2997be6445ef74947852e38a3189c24b, type: 3}
--- !u!1001 &9088312977598546477
PrefabInstance:
  m_ObjectHideFlags: 0
  serializedVersion: 2
  m_Modification:
    m_TransformParent: {fileID: 2038118106}
    m_Modifications:
    - target: {fileID: 3760492547373177270, guid: 5ac1dcab1d2b5e74ab4a6579ef7ebcac, type: 3}
      propertyPath: m_TextStyleHashCode
      value: 97690656
      objectReference: {fileID: 0}
    - target: {fileID: 6421132388383777635, guid: 5ac1dcab1d2b5e74ab4a6579ef7ebcac, type: 3}
      propertyPath: m_RootOrder
      value: 6
      objectReference: {fileID: 0}
    - target: {fileID: 6421132388383777635, guid: 5ac1dcab1d2b5e74ab4a6579ef7ebcac, type: 3}
      propertyPath: m_LocalPosition.x
      value: 0
      objectReference: {fileID: 0}
    - target: {fileID: 6421132388383777635, guid: 5ac1dcab1d2b5e74ab4a6579ef7ebcac, type: 3}
      propertyPath: m_LocalPosition.y
      value: -0.043
      objectReference: {fileID: 0}
    - target: {fileID: 6421132388383777635, guid: 5ac1dcab1d2b5e74ab4a6579ef7ebcac, type: 3}
      propertyPath: m_LocalPosition.z
      value: 0
      objectReference: {fileID: 0}
    - target: {fileID: 6421132388383777635, guid: 5ac1dcab1d2b5e74ab4a6579ef7ebcac, type: 3}
      propertyPath: m_LocalRotation.w
      value: 1
      objectReference: {fileID: 0}
    - target: {fileID: 6421132388383777635, guid: 5ac1dcab1d2b5e74ab4a6579ef7ebcac, type: 3}
      propertyPath: m_LocalRotation.x
      value: -0
      objectReference: {fileID: 0}
    - target: {fileID: 6421132388383777635, guid: 5ac1dcab1d2b5e74ab4a6579ef7ebcac, type: 3}
      propertyPath: m_LocalRotation.y
      value: -0
      objectReference: {fileID: 0}
    - target: {fileID: 6421132388383777635, guid: 5ac1dcab1d2b5e74ab4a6579ef7ebcac, type: 3}
      propertyPath: m_LocalRotation.z
      value: -0
      objectReference: {fileID: 0}
    - target: {fileID: 6421132388383777635, guid: 5ac1dcab1d2b5e74ab4a6579ef7ebcac, type: 3}
      propertyPath: m_LocalEulerAnglesHint.x
      value: 0
      objectReference: {fileID: 0}
    - target: {fileID: 6421132388383777635, guid: 5ac1dcab1d2b5e74ab4a6579ef7ebcac, type: 3}
      propertyPath: m_LocalEulerAnglesHint.y
      value: 0
      objectReference: {fileID: 0}
    - target: {fileID: 6421132388383777635, guid: 5ac1dcab1d2b5e74ab4a6579ef7ebcac, type: 3}
      propertyPath: m_LocalEulerAnglesHint.z
      value: 0
      objectReference: {fileID: 0}
    - target: {fileID: 7377538429409824640, guid: 5ac1dcab1d2b5e74ab4a6579ef7ebcac, type: 3}
      propertyPath: m_Name
      value: Triaxial
      objectReference: {fileID: 0}
    - target: {fileID: 7377538429409824640, guid: 5ac1dcab1d2b5e74ab4a6579ef7ebcac, type: 3}
      propertyPath: m_IsActive
      value: 0
      objectReference: {fileID: 0}
    - target: {fileID: 8307542568664211388, guid: 5ac1dcab1d2b5e74ab4a6579ef7ebcac, type: 3}
      propertyPath: m_AnchoredPosition.x
      value: -0.024993896
      objectReference: {fileID: 0}
    m_RemovedComponents: []
  m_SourcePrefab: {fileID: 100100000, guid: 5ac1dcab1d2b5e74ab4a6579ef7ebcac, type: 3}
--- !u!114 &9088312977598546478 stripped
MonoBehaviour:
  m_CorrespondingSourceObject: {fileID: 5923882841164988969, guid: 5ac1dcab1d2b5e74ab4a6579ef7ebcac, type: 3}
  m_PrefabInstance: {fileID: 9088312977598546477}
  m_PrefabAsset: {fileID: 0}
  m_GameObject: {fileID: 0}
  m_Enabled: 1
  m_EditorHideFlags: 0
  m_Script: {fileID: 11500000, guid: 53a5056d486efe948b4b64094e41da5c, type: 3}
  m_Name: 
  m_EditorClassIdentifier: 
